 Dungeon Crawl Stone Soup version 0.31-a0-1074-g0b22e4e0f1 (webtiles) character file.

Game seed: 5237365181915467403

319 bmb222 the Magician (level 6, -2/46 HPs)
             Began as a Djinni Ice Elementalist on Nov 26, 2023.
             Slain by a black bear (8 damage)
             ... on level 3 of the Dungeon.
             The game lasted 00:10:07 (4236 turns).

bmb222 the Magician (Djinni Ice Elementalist)       Turns: 4236, Time: 00:10:08

Health: -2/46      AC:  4    Str:  9    XL:     6   Next: 75%
Gold:   192        EV: 12    Int: 17    God:
                   SH:  0    Dex: 13

rFire   + + .        (no weapon)
rCold   x . .        (no shield)
rNeg    . . .        a - +0 robe
rPois   ∞            d - +0 helmet
rElec   .            l - +0 cloak
rCorr   +            (no gloves)
SInv    .            (boots unavailable)
Will    +....        (no amulet)
Stlth   ++           k - ring of resist corrosion
HPRegen 0.27/turn    m - ring of willpower
MPRegen 0.00/turn

%: infuse magic (-3 HP)
@: flying
A: sickness immunity, fire resistance 2, cold vulnerability 1, float, innate
caster, HP casting, extra vitality 1
a: no special abilities


You were on level 3 of the Dungeon.
You visited 1 branch of the dungeon, and saw 4 of its levels.

You collected 192 gold pieces.

Inventory:

Armour
 a - a +0 robe (worn)
 d - a +0 helmet (worn)
 l - a +0 cloak (worn)
Jewellery
 k - a ring of resist corrosion (left hand)
 m - a ring of willpower (right hand)
 r - a ring of willpower
Wands
 s - a wand of polymorph (9)
Scrolls
 e - 2 scrolls of vulnerability
 f - a scroll of fog {unknown}
 h - a scroll of blinking {unknown}
 j - a scroll of enchant weapon {unknown}
 n - a scroll of amnesia {unknown}
 p - a scroll of enchant armour {unknown}
Potions
 c - 3 potions of brilliance
 g - a potion of ambrosia {unknown}
 i - a potion of attraction {unknown}
 o - a potion of curing {unknown}
 q - a potion of might {unknown}
 t - a potion of lignification {unknown}


   Skills:
 * Level 3.1 Fighting
 - Level 2.6 Dodging
 + Level 2.5 Stealth
 * Level 4.7 Spellcasting
 * Level 4.7 Conjurations
 * Level 4.7 Hexes
 * Level 4.7 Summonings
 * Level 4.7 Necromancy
 * Level 4.7 Translocations
 * Level 4.7 Transmutations
 * Level 4.7 Fire Magic
 * Level 4.7 Ice Magic
 * Level 4.7 Air Magic
 * Level 4.7 Earth Magic
 * Level 4.7 Poison Magic


You knew the following spells:

 Your Spells              Type           Power      Damage    Failure   Level
a - Freeze                Ice            80%        1d9       1%          1
b - Frozen Ramparts       Ice            40%        1d7       6%          3
c - Ozocubu's Armour      Ice            20%        N/A       6%          3
d - Summon Ice Beast      Ice/Summ       20%        N/A       21%         4
e - Slow                  Hex            80%        N/A       1%          1
f - Scorch                Fire           40%        2d6       3%          2
Your spell library was empty.

Dungeon Overview and Level Annotations

Branches:
Dungeon (4/15)
 Temple: D:4-7

Altars:

Shops:
D:2 :

Annotations:
D:4 Menkaure


Innate Abilities, Weirdness & Mutations

You are immune to sickness and miasma.
You are immune to poison.
Your flesh is very heat resistant. (rF++)
You are vulnerable to cold. (rC-)
You float through the air rather than walking.
You learn spells naturally, not from books.
Your magical power is your life essence.
You have superior vitality. (+4 MHP)


Message History

The black bear's fire resistance burns away.
Casting: Scorch (safe; 3% risk of failure)
Confirm with . or Enter, or press ? or * to list all spells.
Flames lash the black bear.
The black bear is burned terribly!
The black bear is heavily wounded.
Menkaure calls on the powers of darkness!
The black bear convulses!
Your body is wracked with pain!
The black bear shakes off its lethargy.
The black bear goes berserk!
You fly upwards.
There is a stone staircase leading down here.
Casting: Scorch (safe; 3% risk of failure)
Confirm with . or Enter, or press ? or * to list all spells.
Flames lash the black bear.
The black bear is burned terribly!
The black bear is almost dead.
The black bear bites you!
* * * LOW HITPOINT WARNING * * *
The black bear misses you. The black bear closely misses you.
The black bear bites you but does no damage.
The black bear claws you.
* * * LOW HITPOINT WARNING * * *
The black bear claws you.
* * * LOW HITPOINT WARNING * * *
Casting: Scorch (safe; 3% risk of failure)
Confirm with . or Enter, or press ? or * to list all spells.
You don't have enough health to cast this spell.
Casting: Scorch (safe; 3% risk of failure)
Confirm with . or Enter, or press ? or * to list all spells.
You don't have enough health to cast this spell.
You feel much better. The black bear closely misses you.
The black bear misses you. The black bear claws you.
Casting: Scorch (safe; 3% risk of failure)
Confirm with . or Enter, or press ? or * to list all spells.
Flames lash the black bear.
The black bear is burned terribly!
The black bear is almost dead.
The black bear bites you!
* * * LOW HITPOINT WARNING * * *
The black bear barely misses you. The black bear claws you.
* * * LOW HITPOINT WARNING * * *
The black bear bites you!
You die...

.....................###.........
......................##.##......
......).....................#[.#.
......)..............>......#)[[.
..............................##.
#...........................#.##.
#................................
#..............h................#
#...............@................
#................[...............
#..........#.....................
#..........#######...............
#..........# ####............
#..........# #............
############ #............
#............ ##........(..


You could see a black bear (berserk, combustible).

Vanquished Creatures
  A jelly (D:4)
  An orc priest (D:3)
  Natasha (thrice) (D:2)
  Robin (D:2)
  2 adders
  3 gnolls (D:2)
  2 worms
  2 dart slugs
  9 orcs
  7 bats
  9 endoplasms
  3 giant cockroaches
  17 goblins
  7 hobgoblins
  9 quokkas
  5 ball pythons
  8 frilled lizards
  8 kobolds
  4 rats
101 creatures vanquished.

Notes
Turn   | Place    | Note
-------+----------+-------------------------------------------
     0 | D:1      | bmb222 the Djinni Ice Elementalist began the quest for the
                  | Orb.
     0 | D:1      | bmb222 set off with the following spells memorised: Freeze,
                  | Frozen Ramparts, Ozocubu's Armour, Summon Ice Beast.
     0 | D:1      | Reached XP level 1. HP: 15/15 MP: 0/0
   228 | D:1      | Reached XP level 2. HP: 18/21 MP: 0/0
   840 | D:1      | Reached XP level 3. HP: 22/25 MP: 0/0
   840 | D:1      | Learned a level 1 spell: Slow
  1252 | D:2      | Noticed Natasha
  1259 | D:2      | Killed Natasha
  1260 | D:2      | Reached XP level 4. HP: 13/31 MP: 0/0
  1622 | D:2      | Noticed Natasha
  1628 | D:2      | Killed Natasha
  1629 | D:2      | Reached skill level 1 in Fighting
  1841 | D:2      | Found Culecoq's Book Boutique.
  2019 | D:2      | Noticed Natasha
  2031 | D:2      | Killed Natasha
  2032 | D:2      | Reached XP level 5. HP: 24/37 MP: 0/0
  2032 | D:2      | Learned a level 2 spell: Scorch
  2267 | D:2      | Noticed Robin
  2273 | D:2      | Killed Robin
  3009 | D:3      | Reached XP level 6. HP: 36/44 MP: 0/0
  3569 | D:3      | Found a faded altar of an unknown god.
  4077 | D:4      | Noticed a black bear
  4151 | D:4      | Noticed Menkaure
  4215 | D:4      | Noticed a black bear
  4234 | D:3      | HP: 1/46 [black bear (4)]
  4236 | D:3      | Slain by a black bear

Illustrated notes

Levels and vault maps discovered:
D:1:      psy_arrival_radial02, layout_basic,
          hangedman_abyss_or_decor_lesser_grid, chequers_serial_rivers_micro_c,
          minmay_split_cup_small
D:2:      layout_basic, serial_shops, shop, serial_forest,
          infiniplex_forest_straight_2, infiniplex_forest_lined_2,
          infiniplex_forest_zigzag_2, infiniplex_forest_straight_1,
          infiniplex_forest_clump_medium, infiniplex_forest_join,
          infiniplex_forest_lined_room_2, uniq_natasha, uniq_robin
D:3:      layout_rooms, ebering_ecumenical_altar_webs, minmay_pentomino_pile
D:4:      layout_loops_ring, gammafunk_ghost_split, uniq_menkaure

Skill      XL: |  1  2  3  4  5  6 |
---------------+-------------------+-----
Stealth        | 2 |  2.5
Fighting       | 1 2 3 |  3.1
Spellcasting   | 4 |  4.7
Conjurations   | 4 |  4.7
Hexes          | 4 |  4.7
Summonings     | 4 |  4.7
Necromancy     | 4 |  4.7
Translocations | 4 |  4.7
Transmutations | 4 |  4.7
Fire Magic     | 4 |  4.7
Ice Magic      | 4 |  4.7
Air Magic      | 4 |  4.7
Earth Magic    | 4 |  4.7
Poison Magic   | 4 |  4.7
Dodging        | |  2.6

Action                     |  1- 3 |  4- 6 || total
---------------------------+-------+-------++-------
  Melee: Unarmed           |     2 |     9 ||    11
   Cast: Freeze            |    36 |    51 ||    87
         Scorch            |       |    76 ||    76
         Ozocubu's Armour  |       |     6 ||     6
         Slow              |       |     2 ||     2
         Frozen Ramparts   |       |     1 ||     1
    Use: Potion            |       |     2 ||     2
         Scroll            |       |     5 ||     5
   Stab: Sleeping          |       |     1 ||     1
 Armour: Robe              |    19 |    43 ||    62
  Dodge: Dodged            |    19 |    26 ||    45

Table legend: (Time is in decaauts)
 A = Elapsed time spent in this place.
 B = Non-inter-level travel time spent in this place.
 C = Inter-level travel time spent in this place.
 D = Time resting spent in this place.
 E = Time spent auto-exploring this place.
 F = Levels seen in this place.
 G = Mean time per level.
                   A        B        C        D        E       F      G
               +--------+--------+--------+--------+--------+-----+--------+
         Total |   4235 |   4061 |    174 |    825 |   2394 |   4 | 1058.8 |
       Dungeon |   4235 |   4061 |    174 |    825 |   2394 |   4 | 1058.8 |
               +--------+--------+--------+--------+--------+-----+--------+

Top non-repeatable levels by time:
     D:2: 1752 daAuts
     D:1: 1245 daAuts
     D:3: 989 daAuts
     D:4: 249 daAuts
